 Dungeon Crawl Stone Soup version 0.32-a0-391-gce5c0aab1b (webtiles) character file.

Game seed: 15337041588754105822

9201 Sobieck the Cleaver (level 11, 0/87 HPs)
             Began as a Coglin Berserker on Feb 19, 2024.
             Was a High Priest of Trog.
             Slain by a centaur warrior (2 damage)
             ... on level 10 of the Dungeon.
             The game lasted 00:16:34 (9124 turns).

Sobieck the Cleaver (Coglin Berserker)              Turns: 9124, Time: 00:16:35

Health: 0/87       AC: 21    Str: 27    XL:     11   Next: 42%
Magic:  11/11      EV:  8    Int:  7    God:    Trog [*****.]
Gold:   701        SH:  0    Dex: 14    Spells: 10/10 levels left

rFire   . . .        W - +4 broad axe (heavy) {god gift, Hong}
rCold   . . .        Y - +0 broad axe {Kai}
rNeg    . . .        i - +0 plate armour
rPois   .            (no helmet)
rElec   .            h - +0 cloak
rCorr   .            c - +2 pair of gloves
SInv    .            Q - +2 pair of boots {Fly}
Will    .....        r - amulet of regeneration Stlth
                     y - +4 ring of slaying
HPRegen 1.14/turn    G - +6 ring of strength
MPRegen 0.12/turn

%: no passive effects
@: on berserk cooldown, flying, slowed, revved, stiff-legged, very slow
A: off-hand wielding, slow wielding, warmup strikes, warmup strides
a: Renounce Religion, Berserk, Trog's Hand, Brothers in Arms


You were on level 10 of the Dungeon.
You worshipped Trog.
Trog was extremely pleased with you.
You visited 1 branch of the dungeon, and saw 10 of its levels.
You also visited: Bailey.

You collected 751 gold pieces.
You spent 50 gold pieces at shops.

Inventory:

Hand Weapons
 W - a +4 heavy broad axe (weapon) {god gift, Hong}
 Y - a +0 broad axe (worn) {Kai}
Missiles
 j - 51 stones (quivered)
 k - 22 poisoned darts
 t - 22 boomerangs
 v - 3 javelins
 F - 6 curare-tipped darts
 Z - 2 throwing nets
Armour
 c - a +2 pair of gloves (worn)
 h - a +0 cloak (worn)
 i - a +0 plate armour (worn)
 m - the +1 leather armour "Wuzyziw" {Rampage Int+3}
   (You took it off a gnoll sergeant on level 9 of the Dungeon)

   Int+3:     It affects your intelligence (+3).
   Rampage:   It bestows one free step when moving towards enemies.
 o - the orb of Dramatic Exits {light, -Tele rF+++ SInv Summ}
   (You found it on level 4 of the Dungeon)

   rF+++:     It renders you almost immune to fire.
   SInv:      It lets you see invisible.
   -Tele:     It prevents most forms of teleportation.
   Summ:      It increases the power of your Summonings spells.
 q - a +0 pair of gloves
 B - the +0 robe "Ypnan" {rN++}
   (You found it on level 6 of the Dungeon)

   rN++:      It greatly protects you from negative energy.
 J - the +1 pair of gloves of Foolhardiness {Fly}
   (You found it on level 8 of the Dungeon)

   Fly:       It grants you flight.
 Q - a +2 pair of boots of flying (worn)
Jewellery
 g - a ring of resist corrosion
 r - an amulet of regeneration (around neck)
 s - a ring of see invisible
 y - a +4 ring of slaying (left grasper)
 C - a ring of fire
 G - a +6 ring of strength (right grasper)
 P - a ring of flight
 X - a +4 ring of protection
Wands
 I - a wand of iceblast (4)
 V - a wand of flame (14)
Scrolls
 a - 6 scrolls of revelation
 b - a scroll of enchant weapon {unknown}
 u - a scroll of poison
 K - a scroll of butterflies {unknown}
 U - 3 scrolls of noise
Potions
 f - 3 potions of attraction
 l - 3 potions of degeneration
 n - a potion of might
 p - 2 potions of cancellation
 w - 4 potions of lignification
 x - 2 potions of heal wounds {unknown}
 z - a potion of haste {unknown}
 D - a potion of invisibility {unknown}
 E - a potion of brilliance {unknown}
 L - a potion of magic {unknown}
 M - a potion of ambrosia {unknown}
 O - 2 potions of resistance {unknown}
 T - 4 potions of enlightenment


   Skills:
 + Level 8.5 Fighting
 * Level 11.6 Axes
 + Level 7.5 Armour
 - Level 2.0 Dodging
 - Level 10.0 Evocations


You had 10 spell levels left.
You didn't know any spells.
Your spell library was empty.

Dungeon Overview and Level Annotations

Branches:
Dungeon (10/15)            Temple (0/1) D:4            Lair (0/5) D:9
 Bailey (visited)
    Orc: D:9-12

Altars:
Dithmenos
Fedhas
Kikubaaqudgha
Vehumet
Xom
Zin
The Shining One

Shops:
D:1 [   D:2 (([*   D:7 [   D:9 *

Portals:
Trove: D:10 (show slimy rune of Zot)

Annotations:
D:10 4 runed translucent doors


Innate Abilities, Weirdness & Mutations

You can wield a second weapon in your off-hand.
It takes a long time for you to wield or remove held weapons.
Your first few attacks do less damage.
Your first movements take longer.


Message History

* * * LOW HITPOINT WARNING * * *
The centaur warrior unwields a +0 orcbow.
The centaur warrior hits you but does no damage.
The centaur warrior closely misses you.
Items here: $ ))))) [[[[ †††.
Unknown command.
Unknown command.
You feel a strong urge to attack something.
You are no longer berserk.
You are exhausted.
You feel yourself slow down.
The centaur warrior hits you but does no damage.
The centaur warrior misses you. The centaur warrior hits you.
* * * LOW HITPOINT WARNING * * *
The centaur warrior kicks you but does no damage.
Unknown command.
Unknown command.
You open the centaur warrior like a pillowcase with your +4 heavy broad axe!!!
The centaur warrior is almost dead.
You hit the centaur warrior with your +4 heavy broad axe.
You barely miss the centaur warrior with your +0 broad axe.
You slash the centaur warrior with your +0 broad axe!
You hear an angry hiss.
You hear a shout!
A wyvern comes into view.
The centaur warrior hits you but does no damage.
The centaur warrior kicks you but does no damage.
The centaur warrior barely misses you.
The centaur warrior kicks you but does no damage.
The centaur warrior hits you but does no damage.
The centaur warrior kicks you but does no damage.
The centaur warrior hits you but does no damage.
The centaur warrior kicks you.
* * * LOW HITPOINT WARNING * * *
The centaur warrior hits you.
* * * LOW HITPOINT WARNING * * *
The centaur warrior kicks you but does no damage.
Unknown command.
You carve the centaur warrior like a ham with your +4 heavy broad axe!!!
You kill the centaur warrior!
Trog accepts your kill.
You hit the centaur warrior with your +4 heavy broad axe.
You hit the centaur warrior but do no damage.
The centaur warrior hits you!
* * * LOW HITPOINT WARNING * * *
The centaur warrior kicks you but does no damage.
The hornet stings you.
* * * LOW HITPOINT WARNING * * *
You feel as though you will be slow longer.
The centaur warrior hits you.
You die...

....###
###.....#######
..###
#..###...##..... ###
. .#
###..###........ #
#. y#
#/###..###...... #.
.##...###..###....
#. .#.....+....'##.#
#k #....###..###....
#.##c.###..###......
#y@$##..###........
#.[#[.###..........
####### ..........
........).
..........
####...... #......
#...... +......


You could see a centaur warrior, a hornet and a wyvern.

Vanquished Creatures
  A centaur warrior (D:10)
  A two-headed ogre (D:6)
  2 orc knights (D:10)
  A meliai (D:10)
  An unseen horror (D:9)
  4 wyverns
  10 yaks (D:9)
  A wraith (D:7)
  Menkaure (D:5)
  3 water moccasins
  6 orc warriors
  A sky beast (D:6)
  2 black bears
  An ice beast (D:7)
  An ogre (D:6)
  3 centaurs
  A phantom (D:5)
  3 kobold brigands
  7 bullfrogs
  A gnoll sergeant (D:9)
  4 scorpions
  4 wights (D:8)
  6 killer bees (D:6)
  A howler monkey (D:9)
  A crimson imp (D:4)
  4 hounds
  A gnoll bouda (D:9)
  3 jellies
  A sleepcap (D:6)
  2 iguanas
  5 orc wizards
  A centaur simulacrum (D:10)
  18 gnolls
  7 adders
  A shadow imp (D:5)
  A white imp (D:6)
  2 ribbon worms
  20 orcs
  2 endoplasms
  4 giant cockroaches
  13 goblins
  8 hobgoblins
  A quokka (D:1)
  8 ball pythons
  5 bats
  5 frilled lizards
  2 goblin skeletons (D:4)
  A goblin zombie (D:4)
  2 hobgoblin zombies (D:4)
  46 kobolds
  A rat (D:1)
231 creatures vanquished.

Vanquished Creatures (others)
  An ogre mage (D:10)
  An ugly thing (D:10)
  A kobold (D:8)
3 creatures vanquished.

Grand Total: 234 creatures vanquished

Notes
Turn   | Place    | Note
-------+----------+-------------------------------------------
     0 | D:1      | Sobieck the Coglin Berserker began the quest for the Orb.
     0 | D:1      | Reached XP level 1. HP: 18/18 MP: 1/1
   112 | D:1      | Reached XP level 2. HP: 21/24 MP: 2/2
   375 | D:1      | Found Obluweri's Armour Shop.
   390 | D:1      | Reached skill level 1 in Evocations
   390 | D:1      | Reached XP level 3. HP: 28/29 MP: 3/3
   632 | D:2      | Found Lerehot's Antique Armour Shoppe.
   662 | D:2      | Found a transporter.
   666 | D:2      | Found Qebeapnacs's Weapon Boutique.
   763 | D:2      | Found a transporter.
   770 | D:2      | Found Qiunneoh's General Store.
  1082 | D:2      | Reached XP level 4. HP: 35/35 MP: 4/4
  1135 | D:2      | Reached ** piety under Trog
  1209 | D:2      | Found Katiuhoa's Antique Weapon Emporium.
  1766 | D:3      | Reached skill level 4 in Axes
  1792 | D:3      | Reached XP level 5. HP: 7/41 MP: 5/5
  2225 | D:3      | Found a blossoming altar of Fedhas.
  2587 | D:4      | Found a glowing golden altar of the Shining One.
  2691 | D:4      | Found a shimmering altar of Xom.
  2691 | D:4      | Found a radiant altar of Vehumet.
  2693 | D:4      | Reached XP level 6. HP: 37/48 MP: 6/6
  2698 | D:4      | Reached skill level 3 in Evocations
  2979 | D:4      | Found an ancient bone altar of Kikubaaqudgha.
  3052 | D:4      | Found a staircase to the Ecumenical Temple.
  3091 | D:4      | Reached skill level 3 in Armour
  3173 | D:4      | Reached skill level 5 in Axes
  3203 | D:4      | Identified the orb of Dramatic Exits {light, -Tele rF+++
                  | SInv Summ}
  3232 | D:5      | Entered Level 5 of the Dungeon
  3401 | D:5      | Noticed Menkaure
  3407 | D:5      | Killed Menkaure
  3408 | D:5      | Reached XP level 7. HP: 30/55 MP: 7/7
  3750 | D:5      | You fall into a shaft and drop 3 floors!
  3861 | D:8      | Reached skill level 6 in Axes
  3936 | D:7      | Reached *** piety under Trog
  3981 | D:6      | Reached XP level 8. HP: 45/61 MP: 8/8
  4291 | D:6      | Reached skill level 7 in Axes
  4526 | D:6      | Reached skill level 6 in Evocations
  5015 | D:6      | Identified the +0 robe "Ypnan" {rN++}
  5048 | D:6      | Reached XP level 9. HP: 69/69 MP: 9/9
  5066 | D:6      | Noticed a two-headed ogre
  5072 | D:6      | Killed a two-headed ogre
  5073 | D:6      | Reached skill level 6 in Fighting
  5073 | D:6      | Reached skill level 8 in Axes
  6016 | D:7      | Found Pieph's Armour Boutique.
  6384 | D:8      | Reached skill level 9 in Axes
  6384 | D:8      | HP: 2/71 [kobold brigand/+0 short sword (7)]
  6482 | D:8      | Reached **** piety under Trog
  6791 | D:8      | Identified the +1 pair of gloves of Foolhardiness {Fly}
  6809 | D:8      | Reached XP level 10. HP: 75/77 MP: 10/10
  7081 | D:9      | Reached skill level 6 in Armour
  7090 | D:9      | Found a flagged portal.
  7095 | D:9      | Identified the +1 leather armour "Wuzyziw" {Rampage Int+3}
  7099 | Bailey   | Entered a bailey
  7564 | D:9      | Reached ***** piety under Trog
  7583 | D:9      | Reached skill level 10 in Axes
  7613 | D:9      | Noticed an unseen horror
  7624 | D:9      | Killed an unseen horror
  7670 | D:9      | Reached skill level 9 in Evocations
  7704 | D:9      | Reached XP level 11. HP: 70/86 MP: 11/11
  7732 | D:9      | Found Esenecs's Assorted Antiques.
  7735 | D:9      | Bought a lumpy sapphire potion for 25 gold pieces
  7735 | D:9      | Bought a bubbling orange potion for 25 gold pieces
  7762 | D:9      | Identified the +5 whip of the Ship {protect, ^Contam rPois
                  | Int+2}
  7893 | D:9      | Found a staircase to the Lair.
  8110 | D:9      | Received a gift from Trog
  8183 | D:9      | Reached skill level 11 in Axes
  8272 | D:9      | Found a shadowy altar of Dithmenos.
  8330 | D:9      | Found a glowing silver altar of Zin.
  8687 | D:10     | Entered Level 10 of the Dungeon
  8836 | D:10     | Found a runed translucent door.
  8836 | D:10     | Noticed a cyclops
  8836 | D:10     | Noticed a skeletal warrior
  8839 | D:10     | Noticed a two-headed ogre
  8839 | D:10     | Noticed an orc knight
  8839 | D:10     | Noticed a boulder beetle
  8841 | D:10     | Found a runed translucent door.
  8841 | D:10     | Found a runed translucent door.
  8841 | D:10     | Noticed a two-headed ogre
  8918 | D:10     | Found a portal to a secret trove of treasure.
  9096 | D:10     | Found a runed translucent door.
  9100 | D:10     | Noticed an orc knight
  9100 | D:10     | Noticed a centaur warrior
  9104 | D:10     | Noticed an orc knight
  9106 | D:10     | Noticed an ogre mage
  9107 | D:10     | Noticed a red ugly thing
  9109 | D:10     | Noticed a centaur warrior
  9110 | D:10     | Killed an orc knight
  9112 | D:10     | Killed a red ugly thing
  9118 | D:10     | Killed an orc knight
  9120 | D:10     | Killed an ogre mage
  9124 | D:10     | Killed a centaur warrior
  9124 | D:10     | HP: 2/87 [hornet (6)]
  9124 | D:10     | Slain by a centaur warrior

Illustrated notes

Levels and vault maps discovered:
D:1:      lemuel_arrival_funnel, layout_rooms, serial_shops,
          nicolae_shop_statue_plus
D:2:      layout_loops_corners, serial_shops, nicolae_shop_drivethru, shop,
          shop, nicolae_shop_dealshenge
D:3:      layout_loops_cross, fedhas_altar_1
D:4:      layout_loops_cross, jmf_multi_god_temple,
          nicolae_tso_besieged_by_evil, lemuel_doored_altar, temple_pool_b
D:5:      layout_loops_ring, uniq_menkaure
D:6:      layout_layer_cave
D:7:      layout_basic, serial_shops, nicolae_shop_advertising_works
          [nicolae_subvault_shop_adworks]
D:8:      layout_cave_pods
D:9:      kennysheep_kobold_camp, layout_layer_cave, grunt_dithmenos_smoke,
          mainiacjoe_overflow_paths, minmay_lair_entry_grove, enter_bailey_8,
          serial_shops, nicolae_shop_real_fake_doors
D:10:     minmay_the_grid_four_pointed_star
          [minmay_the_grid_triangle_9x9_subtriangle,
          minmay_the_grid_triangle_9x9_thin_v,
          minmay_the_grid_triangle_9x9_stretched_checkered,
          minmay_the_grid_triangle_9x9_fully_insulated_deathbox,
          minmay_the_grid_prize_four_corners_diamond_b], layout_gridville,
          nicolae_trove_entry_crystal

Skill      XL: |  1  2  3  4  5  6  7  8  9 10 11 |
---------------+----------------------------------+-----
Armour         | 2 3 4 5 6 7 |  7.5
Dodging        | 2 |  2.0
Evocations     | 1 2 3 4 6 7 9 10 | 10.0
Axes           | 4 5 6 7 9 10 11 | 11.6
Fighting       | 4 5 6 8 |  8.5

Action                     |  1- 3 |  4- 6 |  7- 9 | 10-12 || total
---------------------------+-------+-------+-------+-------++-------
  Melee: Hand axe          |    65 |   112 |   165 |       ||   342
         Dagger            |    19 |       |       |       ||    19
         Whip              |    27 |   100 |   163 |    41 ||   331
         War axe           |       |       |     3 |   123 ||   126
         Broad axe         |       |       |       |   115 ||   115
  Throw: Stone             |       |       |    15 |     4 ||    19
         Dart              |       |       |     1 |       ||     1
 Invoke: Berserk           |       |     1 |       |     1 ||     2
    Use: Scroll            |       |     5 |     2 |     9 ||    16
         Potion            |       |       |     1 |       ||     1
   Stab: Sleeping          |     2 |       |       |       ||     2
 Armour: Animal skin       |    36 |       |       |       ||    36
         Plate armour      |    11 |   129 |   183 |   173 ||   496
  Dodge: Dodged            |    36 |    36 |    62 |    65 ||   199

Table legend: (Time is in decaauts)
 A = Elapsed time spent in this place.
 B = Non-inter-level travel time spent in this place.
 C = Inter-level travel time spent in this place.
 D = Time resting spent in this place.
 E = Time spent auto-exploring this place.
 F = Levels seen in this place.
 G = Mean time per level.
                   A        B        C        D        E       F      G
               +--------+--------+--------+--------+--------+-----+--------+
         Total |   9467 |   9124 |    343 |    469 |   6810 |  11 |  860.6 |
       Dungeon |   9002 |   8659 |    343 |    449 |   6715 |  10 |  900.2 |
        Bailey |    465 |    465 |      0 |     20 |     95 |   1 |  465.0 |
               +--------+--------+--------+--------+--------+-----+--------+

Top non-repeatable levels by time:
     D:6: 1429 daAuts
     D:9: 1260 daAuts
     D:2: 1008 daAuts
     D:3: 947 daAuts
     D:5: 881 daAuts
     D:8: 860 daAuts
     D:4: 749 daAuts
     D:7: 745 daAuts
     D:1: 653 daAuts
    D:10: 465 daAuts
  Bailey: 465 daAuts
